Unix NetHack Version 5.0.0-0 post-release - last build May 17 2026 04:57:42 (dc50c8380fa5e20985bfe3072449f57b8d9895ef,branch:main).

Game began 2026-05-17 14:31:09, ended 2026-05-17 14:54:35.

IanCurtis, chaotic male elven Wizard

                        ---
                    GeG-)@h   G
                        -fG
                    r

IanCurtis the Conjurer    St:11 Dx:9 Co:15 In:20 Wi:10 Ch:10  Chaotic
Dlvl:6  $:83 HP:0(35) Pw:11(53) AC:9  Xp:5 T:1413 

Latest messages:
 In what direction? k
 The spell misses the leprechaun.
 The leprechaun wakes up!
 The leprechaun screams!
 Your kitten eats a rothe corpse.
 What do you want to drop? [$a-npqv-zC-JL or ?*] $
 You drop 21 gold pieces.
 In what direction? k
 The spell hits the leprechaun!
 In what direction? y
 The spell hits the leprechaun!
 In what direction? a
 The magical energy is released!
 The kitten picks up a yellow gem.
 In what direction? k
 The spell hits the leprechaun!
 You kill the leprechaun!
 $ - 62 gold pieces.
 The kitten drops a yellow gem.
 The kitten picks up a yellow gem.
 You see here 21 gold pieces.
 The kitten drops a yellow gem.
 $ - 21 gold pieces (83 in total).
 The kitten picks up a yellow gem.
 You descend the stairs.
 The kitten bites the dwarf.
 You hear a crunching sound.
 The dwarf swings his pick-axe.
 The dwarf hits!
 The gnome swings her thonged club.
 The gnome hits!
 The kitten bites the dwarf.
 What do you want to zap? [cq or ?*] c
 In what direction? h
 The sleep ray hits the dwarf.
 The sleep ray hits the floating eye.
 The sleep ray hits the gnome.
 The kitten bites the dwarf.
 The dwarf is killed!
 The gnome swings her thonged club.
 The gnome hits!
 What do you want to zap? [cq or ?*] c
 In what direction? l
 The sleep ray hits the dwarf.
 The sleep ray hits the gnome.
 The kitten bites the dwarf.
 The gnome lord throws a thonged club!
 You are hit by a thonged club!
 You die...
 Do you want your possessions identified? [ynq] (y) q

Inventory:
 Coins    ('$')
  $ - 83 gold pieces
 Weapons  (')')
  J - a +0 dagger
  a - a blessed +1 quarterstaff (weapon in hands)
 Armor    ('[')
  b - an uncursed +0 cloak of magic resistance (being worn)
 Comestibles  ('%')
  L - an uncursed slime mold
  p - 5 uncursed food rations
  C - a cursed sprig of wolfsbane
 Scrolls  ('?')
  H - a blessed scroll of confuse monster
  i - an uncursed scroll of confuse monster
  k - an uncursed scroll of gold detection
  j - an uncursed scroll of magic mapping
  v - a blessed scroll of remove curse
  y - an uncursed scroll of teleportation
 Spellbooks  ('+')
  m - an uncursed spellbook of detect food
  l - a blessed spellbook of force bolt
 Potions  ('!')
  x - a cursed potion of fruit juice
  h - an uncursed potion of gain ability
  f - an uncursed potion of gain level
  z - an uncursed potion of polymorph
  w - an uncursed potion of see invisible
  g - an uncursed potion of water
 Rings    ('=')
  F - an uncursed ring of cold resistance
  e - an uncursed ring of conflict
 Wands    ('/')
  q - a wand of sleep (0:8)
  c - a wand of sleep (0:4)
 Tools    ('(')
  D - a bag of tricks (0:12)
  I - an uncursed blindfold
  n - a magic marker (0:21)
  d - a +0 pick-axe
  E - an uncursed partly used tallow candle
  G - an uncursed tallow candle

IanCurtis the Wizard's attributes:

Background:
 You were a Conjurer, a level 5 male elven Wizard.
 You were chaotic, nominally on a mission for Anhur
 who was opposed by Ptah (lawful) and Thoth (neutral).
 You were left-handed.
 You were in the Gnomish Mines, on level 6.
 You entered the dungeon 1413 turns ago.
 There was a new moon in effect when your adventure ended.
 You had 223 experience points, 97 more were needed to attain level 6.

Basics:
 You had 0 out of 35 hit points.
 You had 11 out of 53 energy points (spell power).
 Your armor class was 9.
 Your wallet contained 83 zorkmids.
 Autopickup was off.

Final Characteristics:
 Your strength was 11 (limit:18).
 Your dexterity was 9 (limit:18).
 Your constitution was 15 (limit:16).
 Your intelligence was 20 (limit:20).
 Your wisdom was 10 (limit:20).
 Your charisma was 10 (limit:18).

Final Status:
 You weren't hungry.
 You were unencumbered.
 You were wielding a quarterstaff.
 You had basic skill with quarterstaff.

Final Attributes:
 You were devoutly aligned.
 You were magic-protected.
 You were sleep resistant.
 You had infravision.
 You were warded.
 You are dead.

Miscellaneous:
 You encountered 1 bones level.
 Total elapsed playing time was 23 minutes and 25 seconds.

Major events:
 Turn
    1: IanCurtis the chaotic male elven Wizard entered the dungeon
  911: entered the Gnomish Mines
  913: attained the rank of Conjurer (level 3)
 1413: killed by an aklys

Spells:
 Name                 Level Category     Fail Retention
 force bolt             1   attack         0%  91%-100%
 detect food            2   divination    27%  76%-100%

Skills:
 Fighting Skills
   bare handed combat [Unskilled]
   riding             [Unskilled]
 Weapon Skills
   dagger             [Unskilled]
   knife              [Unskilled]
   axe                [Unskilled]
   short sword        [Unskilled]
   club               [Unskilled]
   mace               [Unskilled]
   quarterstaff       [Basic]
   polearms           [Unskilled]
   spear              [Unskilled]
   trident            [Unskilled]
   sling              [Unskilled]
   dart               [Unskilled]
   shuriken           [Unskilled]
 Spellcasting Skills
   attack spells      [Basic]
   healing spells     [Unskilled]
   divination spells  [Unskilled]
   enchantment spells [Basic]
   clerical spells    [Unskilled]
   escape spells      [Unskilled]
   matter spells      [Unskilled]

Voluntary challenges:
 Character rerolling was not enabled.
 You were an atheist.
 You were illiterate.
 You never genocided any monsters.
 You never polymorphed an object.
 You never changed form.
 You used no wishes.
Achievements:
 You entered the Gnomish Mines.
 You attained the rank of Conjurer.

 The Dungeons of Doom: levels 1 to 3
    Level 1: "vault"
       A tree.
    Level 2:
    Level 3:
       Some fountains.
       Stairs down to The Gnomish Mines.
 The Gnomish Mines: levels 4 to 6
    Level 4:
    Level 5:
    Level 6: <- You were here.
       Final resting place for
          you, killed by an aklys,
          jigsy-Bar-Hum-Fem-Neu, killed by a gnome, while frozen by a floating eye's gaze.


Vanquished creatures:
  a leprechaun
  a gnome leader
  3 giant ants
  6 dwarves
  3 rothes
  a dwarf zombie
 an acid blob
 13 gnomes
  7 jackals
  a fox
  a goblin
  2 sewer rats
  2 grid bugs
  a bat
  3 lichens
  2 kobold zombies
  a newt
49 creatures vanquished.

No species were genocided or became extinct.

Game over:
                       ----------
                      /          \
                     /    REST    \
                    /      IN      \
                   /     PEACE      \
                  /                  \
                  |    IanCurtis     |
                  |      83 Au       |
                  |   killed by an   |
                  |      aklys       |
                  |                  |
                  |                  |
                  |       2026       |
                 *|     *  *  *      | *
        _________)/\\_//(\/(/\)/\//\/|_)_______

Goodbye IanCurtis the Wizard...

You died in The Gnomish Mines on dungeon level 6 with 1217 points,
and 83 pieces of gold, after 1413 moves.
You were level 5 with a maximum of 35 hit points when you died.

